 Dungeon Crawl Stone Soup version 0.27-a0-1140-g099f9bb0e8 (webtiles) character file.

Game seed: 10769468362359128150

2 heikuro the Skirmisher (level 1, 0/18 HPs)
             Began as a Formicid Abyssal Knight on May 9, 2021.
             Was an Initiate of Lugonu.
             Slain by an endoplasm (2 damage)
             ... on level 1 of the Dungeon.
             The game lasted 00:00:31 (198 turns).

heikuro the Skirmisher (Formicid Abyssal Knight)     Turns: 198, Time: 00:00:32

Health: 0/18       AC:  3    Str: 16    XL:     1   Next: 33%
Magic:  2/2        EV: 11    Int: 11    God:    Lugonu [......]
Gold:   16         SH:  0    Dex: 10    Spells: 0/0 levels left

rFire    . . .     SeeInvis +   a - +1 hand axe
rCold    . . .     Faith    .   (no shield)
rNeg     . . .     Spirit   .   b - +0 leather armour
rPois    .         Reflect  .   (helmet unavailable)
rElec    .         Harm     .   (no cloak)
rCorr    .         Rampage  .   (no gloves)
Will     .....                  (no boots)
Stlth    +.........             (no amulet)
HPRegen  0.06/turn              (no ring)
MPRegen  0.08/turn              (no ring)

@: lethally poisoned (0 -> -7)
A: permanent stasis, dig shafts and tunnels, antennae 3, four strong arms
a: Dig, Shaft Self, Renounce Religion


You were on level 1 of the Dungeon.
You worshipped Lugonu.
Lugonu was noncommittal.
You visited 1 branch of the dungeon, and saw 1 of its levels.
You visited the Abyss 1 time.

You collected 16 gold pieces.

Inventory:

Hand Weapons
 a - a +1 hand axe (weapon)
Armour
 b - a +0 leather armour (worn)
Potions
 c - a potion of lignification {unknown}


   Skills:
 + Level 3.3 Fighting
 * Level 2.0 Axes
 + Level 2.2 Armour
 + Level 0.9 Dodging
 + Level 2.2 Invocations


You couldn't memorise any spells.
You didn't know any spells.
Your spell library contained the following spells:

 Spells                   Type           Power      Damage    Failure   Level
 Magic Dart               Conj           0%         1d3       41%         1
 Call Imp                 Summ           0%         N/A       54%         2
 Slow                     Hex            0%         N/A       54%         2
 Conjure Flame            Conj/Fire      0%         6-21      78%         3
 Mephitic Cloud           Conj/Pois/Air  0%         N/A       78%         3
 Blink                    Tloc           Unusable   N/A       N/A         2

Dungeon Overview and Level Annotations

Branches:
Dungeon (1/15)

Altars:


Innate Abilities, Weirdness & Mutations

You cannot be hasted, slowed, berserked, paralysed or teleported.
You can dig through walls and to a lower floor.
You have a pair of large antennae on your head. (SInv)
Your four strong arms can wield two-handed weapons with a shield.


Message History

HP restored.
There is a large open door here.
You now have 16 gold pieces.
Found 23 arrows.
Found 14 stones.
Found a leather armour.
Found a dagger.
You pick up a book of Minor Magic and begin reading...
You add the spells Magic Dart, Call Imp, Slow, Conjure Flame and Mephitic Cloud to your library.
You see here 14 stones.
You sense a monster nearby.
An endoplasm comes into view.
Found a coral ring.
A goblin and a kobold come into view.
The kobold is wielding a +2 dagger of venom.
The kobold shouts!
The goblin shouts!
You hear an angry hiss.
You hear a shout!
You slash the goblin!
You kill the goblin!
Lugonu accepts your kill.
A ball python comes into view.
The ball python hisses angrily.
Found 4 gold pieces.
You see here a +0 club.
The endoplasm closely misses you.
The kobold hits you with a +2 dagger of venom.
The endoplasm hits you but does no damage.
The kobold hits you with a +2 dagger of venom.
You are lethally poisoned!
The ball python bites you. The ball python closely misses you.
You are too injured to fight recklessly!
You are too injured to fight recklessly!
You are too injured to fight recklessly!
* * * LOW HITPOINT WARNING * * *
You feel very sick.
You see here a +0 club.
Unknown command.
* * * LOW HITPOINT WARNING * * *
You feel very sick. The endoplasm hits you.
You die...

.$...#. .. .......##.##
.......#... ..........
.......=.####
............####{
.......S........
.......J########
.#...##.@..#
.......###.#########
....##......##.....######
... ##..............#....
....#...[................
...#....(...............
................8....###
..)#.........##...##.#
...#..........##.##..#


You could see an endoplasm and a ball python.

Vanquished Creatures
  An endoplasm (D:1)
  A goblin (D:1)
2 creatures vanquished.

Notes
Turn   | Place    | Note
-------+----------+-------------------------------------------
     0 | Abyss:1  | heikuro the Formicid Abyssal Knight began the quest for the
                  | Orb.
     0 | Abyss:1  | Reached XP level 1. HP: 18/18 MP: 2/2
    64 | Abyss:1  | Noticed a large abomination
    65 | D:1      | Escaped the Abyss
   198 | D:1      | Slain by an endoplasm

Illustrated notes

Levels and vault maps discovered:
D:1:      grunt_arrival_crossed_arrows, layout_rooms

Action                   || total
-------------------------++-------
Melee: Hand axe          ||     4
Invok: Depart the Abyss  ||     1
Armor: Leather armour    ||     1
Dodge: Dodged            ||     3

Table legend: (Time is in decaauts)
 A = Elapsed time spent in this place.
 B = Non-inter-level travel time spent in this place.
 C = Inter-level travel time spent in this place.
 D = Time resting spent in this place.
 E = Time spent auto-exploring this place.
 F = Levels seen in this place.
 G = Mean time per level.
                   A        B        C        D        E       F      G
               +--------+--------+--------+--------+--------+-----+--------+
         Total |    198 |    198 |      0 |      0 |    172 |   2 |   99.0 |
       Dungeon |    133 |    133 |      0 |      0 |    110 |   1 |  133.0 |
         Abyss |     65 |     65 |      0 |      0 |     62 |   1 |   65.0 |
               +--------+--------+--------+--------+--------+-----+--------+

Top non-repeatable levels by time:
     D:1: 133 daAuts
 Abyss:1: 65 daAuts
